 Dungeon Crawl Stone Soup version 0.28-a0-43-g560ac104fe (webtiles) character file.

Game seed: 4542601250896315371

5422 dracfodder the Cleaver (level 10, -2/67 HPs)
             Began as a Gargoyle Berserker on July 28, 2021.
             Was an Elder of Trog.
             Slain by a boulder beetle (9 damage)
             ... on level 9 of the Dungeon.
             The game lasted 00:41:22 (9132 turns).

dracfodder the Cleaver (Gargoyle Berserker)         Turns: 9132, Time: 00:41:23

Health: -2/67      AC: 15    Str: 25    XL:     10   Next: 67%
Magic:  0/9        EV: 11    Int: 13    God:    Trog [****..]
Gold:   388        SH:  0    Dex:  9    Spells: 9/9 levels left

rFire   + . .      SeeInvis .   a - +7 war axe (vorpal)
rCold   + . .      Faith    .   (no shield)
rNeg    + . .      Spirit   +   c - +0 scale mail
rPois   ∞          Reflect  .   (no helmet)
rElec   +          Harm     .   (no cloak)
rCorr   .          Rampage  .   (no gloves)
Will    .....                   (no boots)
Stlth   ..........              m - amulet of guardian spirit
HPRegen 0.21/turn               H - ring of protection from cold
MPRegen 0.11/turn               I - +6 ring of intelligence

@: studying Bows
A: sickness immunity, AC +7, negative energy resistance 1, electricity
resistance, torment resistance 1, petrification resistance, fire resistance 1,
low mp 1, robust 1, screaming 1
a: Renounce Religion, Berserk, Trog's Hand, Brothers in Arms


You were on level 9 of the Dungeon.
You worshipped Trog.
Trog was greatly pleased with you.
You visited 1 branch of the dungeon, and saw 9 of its levels.
You also visited: Sewer and Ossuary.

You collected 436 gold pieces.
You spent 48 gold pieces at shops.

Inventory:

Hand Weapons
 a - a +7 vorpal war axe (weapon)
 b - a +0 shortbow
 e - a +2 vorpal flail
 r - a +0 hand crossbow
 s - a +3 whip of holy wrath
Missiles
 d - 331 stones
 f - 140 arrows
 g - 28 poisoned darts
 j - 8 silver boomerangs
 l - 11 boomerangs
 q - 20 bolts
 w - 4 boomerangs of dispersal
 z - 57 sling bullets
 G - a curare-tipped dart
Armour
 c - a +0 scale mail (worn)
Jewellery
 m - an amulet of guardian spirit (around neck)
 H - a ring of protection from cold (left hand)
 I - a +6 ring of intelligence (right hand)
Wands
 y - a wand of flame (17) (quivered)
 A - a wand of digging (2)
 D - a wand of paralysis (8)
Scrolls
 o - 3 scrolls of teleportation
 v - a scroll of fear
 C - 2 scrolls of blinking
 J - a scroll of fog {unknown}
 K - a scroll of torment {unknown}
 L - 3 scrolls of enchant armour {unknown}
 M - a scroll of identify
 N - a scroll of vulnerability {unknown}
 O - a scroll of magic mapping
Potions
 h - a potion of resistance
 i - 4 potions of might
 k - 4 potions of cancellation
 n - a potion of invisibility
 p - 5 potions of curing
 t - 4 potions of flight
 u - 3 potions of heal wounds
 x - 4 potions of lignification {unknown}
 B - a potion of berserk rage {unknown}
 E - 2 potions of haste {unknown}


   Skills:
 + Level 6.9 Fighting
 * Level 10.7(10.9) Axes
 + Level 3.7(8.4) Maces & Flails
 + Level 5.8 Bows
 + Level 6.8 Armour
 + Level 3.4 Dodging
 + Level 1.0 Stealth


You had 9 spell levels left.
You didn't know any spells.
Your spell library was empty.

Dungeon Overview and Level Annotations

Branches:
Dungeon (9/15)             Temple (0/1) D:7           Sewer (visited)
Ossuary (visited)
   Lair: D:8-11         Orc: D:9-12

Altars:
Dithmenos
Elyvilon
Fedhas
Hepliaklqana
Kikubaaqudgha
Nemelex Xobeh
Okawaru
Sif Muna
Uskayaw
Xom
Yredelemnul
Zin

Shops:
D:4 !


Innate Abilities, Weirdness & Mutations

You are immune to sickness and miasma.
Your stone body is resilient. (AC +7)
You are immune to poison.
You resist negative energy. (rN+)
You are resistant to electric shocks. (rElec)
You are resistant to unholy torment.
You are immune to petrification.
Your flesh is heat resistant. (rF+)
Your magical capacity is low. (-10% MP)
You are robust. (+10% HP)
You occasionally shout uncontrollably at your foes.


Message History

The boulder beetle is severely wounded.
The boulder beetle closely misses you.
You slash the boulder beetle!
The boulder beetle is severely wounded.
You feel yourself speed up.
The boulder beetle leaps!
You start resting.
A boulder beetle is nearby!
Unknown command.
You start resting.
A boulder beetle is nearby!
The boulder beetle leaps!
You start resting.
You recover from your berserk rage.
You start resting.
A boulder beetle is nearby!
The boulder beetle bites you but does no damage.
You hit the boulder beetle but do no damage.
The boulder beetle is severely wounded.
The boulder beetle bites you!
* * * LOW HITPOINT WARNING * * *
You slice the boulder beetle!!
The boulder beetle is almost dead.
The boulder beetle bites you but does no damage.
You barely miss the boulder beetle.
The boulder beetle is almost dead.
The boulder beetle leaps!
You start resting.
A boulder beetle is nearby!
The boulder beetle leaps!
You start resting.
A boulder beetle is nearby!
You start resting.
A boulder beetle is nearby!
The boulder beetle bites you!
* * * LOW HITPOINT WARNING * * *
You hit the boulder beetle.
The boulder beetle is almost dead.
The boulder beetle bites you!
You die...

#######......#
#............+
#............#
#........>...#
#......°.....#...
#....##°.....#...
########......#...
#.B....#.....)#...
#@####.B......#...
#.# #.#......#...
#.# #)#......#...
#.####.########...
#.................
#######...........
#....#...####....
#######...<#...#
#....
#..........#...#
#....


You could see a boulder beetle.

Vanquished Creatures
  Pikel (D:4)
  An ugly thing (D:6)
  Psyche (D:8)
  A wraith (D:6)
  2 wyverns
  5 water moccasins
  A sky beast (D:8)
  2 orc warriors (D:9)
  3 ogres
  3 necrophages
  3 lemures (D:4)
  3 centaurs
  A phantom (D:6)
  2 kobold brigands
  An elf zombie (D:8)
  Blork the orc (D:4)
  5 bullfrogs
  2 scorpions
  A wyvern zombie (D:9)
  An elf skeleton (D:8)
  A wyvern skeleton (D:4)
  4 wights (D:8)
  A hound (D:4)
  2 jellies
  7 orc priests
  A bullfrog skeleton (D:7)
  2 centaur skeletons
  6 human skeletons (D:8)
  Natasha (D:1)
  5 iguanas
  7 orc wizards
  A hound skeleton (D:4)
  3 mummies (Ossuary)
  A howler monkey skeleton (D:7)
  A howler monkey zombie (D:5)
  Robin (D:4)
  3 gnolls (D:5)
  3 adders
  2 river rats (D:4)
  2 white imps (D:6)
  An ufetubus (D:6)
  An adder skeleton (D:5)
  2 worms
  2 dart slugs (D:2)
  41 orcs
  6 ball pythons
  10 endoplasms
  5 giant cockroaches
  14 goblins
  9 hobgoblins
  7 jackals
  2 quokkas (D:4)
  4 bats
  3 frilled lizards
  4 goblin zombies (Ossuary)
  3 hobgoblin zombies (Ossuary)
  15 kobolds
  3 kobold zombies (Ossuary)
  An orc skeleton (D:8)
  3 orc zombies
  3 quokka zombies (Ossuary)
  11 rats
  4 rat zombies (Ossuary)
248 creatures vanquished.

Notes
Turn   | Place    | Note
-------+----------+-------------------------------------------
     0 | D:1      | dracfodder the Gargoyle Berserker began the quest for the
                  | Orb.
     0 | D:1      | Reached XP level 1. HP: 14/14 MP: 1/1
   450 | D:1      | Reached skill level 3 in Axes
   450 | D:1      | Reached XP level 2. HP: 19/19 MP: 2/2
   497 | D:2      | Noticed Natasha
   501 | D:1      | Noticed a crimson imp
   509 | D:1      | Killed Natasha
   510 | D:1      | Reached XP level 3. HP: 7/24 MP: 3/3
   828 | D:1      | Found a faded altar of an unknown god.
  1444 | D:2      | Reached XP level 4. HP: 20/29 MP: 4/4
  1454 | D:2      | Reached skill level 1 in Maces & Flails
  1991 | D:2      | Reached ** piety under Trog
  2108 | D:2      | Reached XP level 5. HP: 32/33 MP: 3/5
  2321 | D:3      | Found a runed translucent door.
  2321 | D:3      | Noticed a human
  2339 | D:3      | Found a basalt altar of Yredelemnul.
  2606 | D:4      | Reached skill level 4 in Axes
  2606 | D:4      | Noticed Blork the orc
  2618 | D:4      | Killed Blork the orc
  2619 | D:4      | Reached XP level 6. HP: 11/38 MP: 2/6
  2621 | D:4      | HP: 2/57 [wyvern skeleton (7)]
  2639 | D:4      | Found Tanodd's Distillery.
  2647 | D:4      | Bought a potion of curing for 36 gold pieces
  2647 | D:4      | Bought a potion of degeneration for 12 gold pieces
  2689 | D:4      | Noticed Robin
  2706 | D:4      | Killed Robin
  2793 | D:4      | Found a glowing drain.
  2797 | Sewer    | Entered a sewer
  2906 | Sewer    | Found a white marble altar of Elyvilon.
  3085 | D:3      | Found a glowing silver altar of Zin.
  3085 | D:3      | Found a shimmering altar of Xom.
  3085 | D:3      | Noticed an angel
  3685 | D:4      | Found a hide-covered altar of Uskayaw.
  3728 | D:5      | Entered Level 5 of the Dungeon
  3728 | D:5      | Noticed a necrophage
  3732 | D:5      | Killed a necrophage
  3733 | D:5      | Reached skill level 5 in Axes
  3733 | D:5      | Reached XP level 7. HP: 43/43 MP: 7/7
  3761 | D:4      | Noticed Pikel
  3773 | D:4      | Killed Pikel
  3774 | D:4      | Reached skill level 6 in Axes
  3774 | D:4      | Reached XP level 8. HP: 18/48 MP: 1/8
  4525 | D:4      | Reached skill level 5 in Fighting
  4773 | D:4      | Reached skill level 7 in Axes
  5100 | D:5      | Reached skill level 5 in Armour
  5106 | D:5      | Reached *** piety under Trog
  5253 | D:5      | Gained mutation: You are weak. (Str -2) [potion of
                  | mutation]
  5253 | D:5      | Gained mutation: You are robust. (+10% HP) [potion of
                  | mutation]
  5253 | D:5      | Gained mutation: You occasionally shout uncontrollably at
                  | your foes. [potion of mutation]
  5254 | D:5      | Lost mutation: You are weak. (Str -2) [potion of mutation]
  5254 | D:5      | Lost mutation: You are robust. (+10% HP) [potion of
                  | mutation]
  5254 | D:5      | Gained mutation: You are robust. (+10% HP) [potion of
                  | mutation]
  5254 | D:5      | Gained mutation: Your magical capacity is low. (-10% MP)
                  | [potion of mutation]
  5254 | D:5      | Gained mutation: Your flesh is heat resistant. (rF+)
                  | [potion of mutation]
  5318 | D:5      | Found a shadowy altar of Dithmenos.
  5557 | D:6      | Reached skill level 8 in Axes
  5560 | D:6      | Reached XP level 9. HP: 59/59 MP: 8/8
  5561 | D:6      | Found a blossoming altar of Fedhas.
  5734 | D:6      | Noticed a cyan ugly thing
  5751 | D:6      | Killed a cyan ugly thing
  5752 | D:6      | Reached skill level 9 in Axes
  6573 | D:6      | Reached skill level 1 in Bows
  6633 | D:7      | Found a shimmering blue altar of Sif Muna.
  6634 | D:7      | Found a hazy altar of Hepliaklqana.
  6635 | D:7      | Found an ancient bone altar of Kikubaaqudgha.
  6636 | D:7      | Found an iron altar of Okawaru.
  6687 | D:7      | Reached skill level 10 in Axes
  6732 | D:7      | Reached XP level 10. HP: 63/67 MP: 9/9
  6957 | D:8      | Reached **** piety under Trog
  7123 | D:8      | Found a sand-covered staircase.
  7131 | Ossuary  | Entered an ossuary
  7495 | D:8      | Found a white marble altar of Elyvilon.
  7581 | D:8      | Noticed Psyche
  7588 | D:8      | Killed Psyche
  7849 | D:7      | Found a staircase to the Ecumenical Temple.
  8115 | D:8      | Reached skill level 1 in Stealth
  8385 | D:8      | Reached skill level 5 in Bows
  8533 | D:8      | Found a sparkling altar of Nemelex Xobeh.
  9049 | D:9      | Noticed a boulder beetle
  9132 | D:9      | Slain by a boulder beetle

Illustrated notes

Levels and vault maps discovered:
D:1:      mrwooster_arrival_statue_2, layout_loops_ring,
          hellmonk_ecumenical_altar_zigzags
D:2:      layout_rooms, st_stairs_9, minmay_cupped, uniq_natasha
D:3:      layout_loops_cross, grunt_temple_overflow_order_and_chaos_1,
          dk_yredelemnul_ordeal
D:4:      minmay_inner_zag, layout_layer_cave, eat_drink_and_be_merry_uskayaw,
          gup_sewer_entry_bowl, serial_shops, nicolae_shop_crystal,
          minmay_unequal, uniq_blork_the_orc, uniq_pikel, uniq_robin
D:5:      layout_rooms, nicolae_dithmenos_through_a_glass_darkly,
          minmay_misc_feat_enclosed
D:6:      layout_basic, fedhas_altar_2, minmay_manual_mandibuliform
D:7:      layout_rooms, mainiacjoe_overflow_alcove_3,
          minmay_temple_entry_nine_rooms
D:8:      layout_loops_ring, nicolae_elyvilon_peaceful_grove,
          nemelex_spade_bored_becter, nicolae_ossuary_entry_catacombs,
          special_room [special_room_orc], uniq_psyche
D:9:      due_megacathedral, layout_stronghold, minmay_statue_bubble

Skill      XL: |  1  2  3  4  5  6  7  8  9 10 |
---------------+-------------------------------+-----
Axes           | 3 4 5 6 8 10 | 10.7
Maces & Flails | 1 2 3 |  3.7
Armour         | 3 4 5 6 |  6.8
Dodging        | 2 3 |  3.4
Fighting       | 4 5 6 |  6.9
Bows           | 2 5 |  5.8
Stealth        | 1 |  1.0

Action                   |  1- 3 |  4- 6 |  7- 9 | 10-12 || total
-------------------------+-------+-------+-------+-------++-------
Melee: Hand axe          |    35 |     9 |       |       ||    44
       Flail             |    40 |   105 |       |       ||   145
       War axe           |       |    45 |   128 |   106 ||   279
       Whip              |       |       |       |   110 ||   110
 Fire: Shortbow          |       |       |    41 |    45 ||    86
Throw: Stone             |       |     2 |       |       ||     2
       Boomerang         |       |       |     1 |       ||     1
Invok: Berserk           |     1 |     2 |     3 |     1 ||     7
       Trog's Hand       |       |     2 |     2 |     2 ||     6
  Use: Scroll            |       |    10 |     5 |     2 ||    17
       Potion            |       |     1 |     2 |     2 ||     5
Armor: Scale mail        |    52 |    85 |   123 |    74 ||   334
Dodge: Dodged            |    50 |    69 |   111 |    86 ||   316

Table legend: (Time is in decaauts)
 A = Elapsed time spent in this place.
 B = Non-inter-level travel time spent in this place.
 C = Inter-level travel time spent in this place.
 D = Time resting spent in this place.
 E = Time spent auto-exploring this place.
 F = Levels seen in this place.
 G = Mean time per level.
                   A        B        C        D        E       F      G
               +--------+--------+--------+--------+--------+-----+--------+
         Total |   9286 |   8773 |    513 |   1045 |   5524 |  11 |  844.2 |
       Dungeon |   8813 |   8300 |    513 |    999 |   5435 |   9 |  979.2 |
         Sewer |    252 |    252 |      0 |      0 |     72 |   1 |  252.0 |
       Ossuary |    220 |    220 |      0 |     46 |     16 |   1 |  220.0 |
               +--------+--------+--------+--------+--------+-----+--------+

Top non-repeatable levels by time:
     D:4: 1817 daAuts
     D:1: 1420 daAuts
     D:8: 1337 daAuts
     D:6: 1094 daAuts
     D:2: 861 daAuts
     D:3: 822 daAuts
     D:7: 611 daAuts
     D:5: 489 daAuts
     D:9: 358 daAuts
   Sewer: 252 daAuts
 Ossuary: 220 daAuts
